 Dungeon Crawl Stone Soup version 0.24.0-123-gd5b16e6ec5 (webtiles) character file.

Game seed: 5264349096289884275, levelgen mode: deterministic

50 Descartes the Sneak (level 3, -3/17 HPs)
             Began as a Felid Monk on Feb 1, 2020.
             Slain by a leopard gecko (5 damage)
             ... on level 1 of the Dungeon.
             The game lasted 00:05:57 (3659 turns).

Descartes the Sneak (Felid Monk)                    Turns: 3659, Time: 00:05:57

Health: -3/17      AC:  1    Str:  8    XL:     3   Next: 55%
Magic:  4/4        EV: 20    Int: 11    God:
Gold:   125        SH:  0    Dex: 18    Spells: 2/2 levels left
                                        Lives:  0   Deaths: 1

rFire    . . .     SeeInvis +     - Unarmed
rCold    . . .     Gourm    .   (shield unavailable)
rNeg     . . .     Faith    .   (armour unavailable)
rPois    .         Spirit   .   (helmet unavailable)
rElec    .         Reflect  .   (cloak unavailable)
rCorr    .         Harm     .   (gloves unavailable)
MR       .....                  (boots unavailable)
Stlth    ++++......             (no amulet)
HPRegen  0.05/turn              (no ring)
MPRegen  0.09/turn              (no ring)

@: quick
A: very small, no armour, no weapons or thrown items, stealth, claws 1, fangs 3,
see invisible, carnivore, speed 1, shaggy fur 1, slow metabolism 1, sharp paws
a: no special abilities


You were on level 1 of the Dungeon.
You were full.

You visited 1 branch of the dungeon, and saw 2 of its levels.

You collected 125 gold pieces.

Inventory:

Missiles
 b - 40 stones
 d - 39 arrows
Jewellery
 g - a +2 ring of strength {unknown}
Scrolls
 c - 3 scrolls of identify {unknown}
 e - a scroll of teleportation {unknown}
 j - a scroll of magic mapping {unknown}
Potions
 h - 2 potions of curing {unknown}
 i - a potion of brilliance {unknown}
Comestibles
 a - 2 rations


   Skills:
 - Level 3.0 Fighting
 + Level 4.1 Dodging
 + Level 5.2 Stealth
 + Level 4.3 Unarmed Combat


You had 2 spell levels left.
You didn't know any spells.
Your spell library was empty.

Dungeon Overview and Level Annotations

Branches:
Dungeon (2/15)

Altars:
Ashenzari
Qazlal
Uskayaw


Innate Abilities, Weirdness & Mutations

You cannot wear armour.
You are incapable of wielding weapons or throwing items.
Your paws allow you to move quietly. (Stealth)
You have sharp claws.
You have razor-sharp teeth.
You have supernaturally acute eyesight. (SInv)
You are carnivorous and can eat meat at any time.
You cover ground quickly.
You are covered in fur. (AC +1)
You have a slow metabolism.
Your sharp claws are effective at attacking unaware monsters.


Message History

A leopard gecko comes into view.
Found a scroll labeled BOEL DIMA.
Found a hide-covered altar of Uskayaw and a stormy altar of Qazlal.
A leopard gecko comes into view.
The leopard gecko hisses angrily.
The leopard gecko bites you.
You scratch the leopard gecko.
The leopard gecko is severely wounded.
The leopard gecko bites you. x2
* * * LOW HITPOINT WARNING * * *
You are too injured to fight recklessly!
The leopard gecko bites you.
* * * LOW HITPOINT WARNING * * *
You see here a +0 club.
There is a stone staircase leading up here.
The leopard gecko misses you.
You climb upwards.
There is a stone staircase leading down, spattered with blood here.
You barely miss the leopard gecko. The leopard gecko bites you.
You die...

#....≈≈≈+...#.......#...+≈
#....≈≈≈#'###.#####.#'#+#≈
#....≈≈≈≈≈'...#...#...#≈≈≈
#....≈≈≈≈≈#.###.<.'.⌠.'≈≈≈
#######....≈≈≈≈≈#.###...'.⌠.'≈≈≈
#..........≈≈≈≈≈+...#...#...#≈≈≈
#.#####....≈≈≈#+###.#####.###+#≈
#.# #....≈≈≈+.).'.......'...+≈
#.# ###....≈≈≈+@l.##+###+##...+≈
#.# #......≈≈≈#+#+#≈≈≈≈≈≈≈#+#+#≈
#.# #......≈≈≈≈≈≈≈≈≈≈≈≈≈≈≈≈≈≈≈≈≈
#.# #..#...≈≈≈≈≈≈≈≈≈≈≈≈≈≈≈≈≈≈≈≈≈
#.# #..#...≈≈≈≈≈≈≈≈≈≈≈≈≈≈≈≈≈≈≈≈≈
#.# #..#.#......................
#.# #..#.#......................
#.###.>#...#.#####.####.....#...
#............####..# #..........


You could see a leopard gecko.

Vanquished Creatures
  Robin (D:2)
  An adder (D:2)
  3 gnolls
  An ooze (D:1)
  2 leopard geckos (D:2)
  5 bats
  3 giant cockroaches
  11 goblins
  4 hobgoblins
  7 kobolds (D:2)
  A quokka (D:2)
  A ball python (D:1)
  3 frilled lizards (D:1)
  10 rats
53 creatures vanquished.

Vanquished Creatures (others)
  A plant (D:2)
1 creature vanquished.

Grand Total: 54 creatures vanquished

Notes
Turn   | Place    | Note
-------+----------+-------------------------------------------
     0 | D:1      | Descartes the Felid Monk began the quest for the Orb.
     0 | D:1      | Reached XP level 1. HP: 10/10 MP: 2/2
    64 | D:1      | Reached skill level 3 in Stealth
   468 | D:1      | Reached XP level 2. HP: 14/14 MP: 3/3
   541 | D:1      | Found a shattered altar of Ashenzari.
  1090 | D:2      | Noticed Robin
  1392 | D:2      | Reached skill level 4 in Stealth
  1392 | D:2      | Reached XP level 3. HP: 17/17 MP: 4/4
  2522 | D:2      | Killed Robin
  2588 | D:2      | Reached XP level 4. HP: 15/21 MP: 5/5
  2834 | D:2      | Reached skill level 5 in Stealth
  3445 | D:2      | Slain by a worm
  3446 | D:2      | Reached XP level 3. HP: 0/17 MP: 4/4
  3641 | D:2      | Found a hide-covered altar of Uskayaw.
  3641 | D:2      | Found a stormy altar of Qazlal.
  3659 | D:1      | Slain by a leopard gecko

Levels and vault maps discovered:
D:1:      dpeg_arrival_castle, layout_loops_ring, nicolae_ashenzari_panopticon
D:2:      layout_loops_ring, amethyst_overflow_temple_binary,
          lexackson_kobold_supper, uniq_robin

Skill      XL: |  1  2  3  4 |
---------------+-------------+-----
Stealth        | 3 4 5 |  5.2
Unarmed Combat | 4 |  4.3
Fighting       | |  3.0
Dodging        | |  4.1

Action                   |  1- 3 |  4- 6 || total
-------------------------+-------+-------++-------
Melee: Unarmed           |   115 |    59 ||   174
       Bite              |     5 |     9 ||    14
       Punch             |     3 |       ||     3
 Stab: Sleeping          |     6 |     3 ||     9
       Distracted        |       |     1 ||     1
  Eat: Chunk             |    14 |     1 ||    15
Armor: Skin              |    16 |       ||    16
Dodge: Dodged            |   139 |    39 ||   178
